 Dungeon Crawl Stone Soup version 0.21-a0-140-g479285b (webtiles) character file.

198686 drasked the Gelid (level 17, -16/96 HPs)
             Began as a Deep Elf Ice Elementalist on July 21, 2017.
             Was the Champion of Vehumet.
             Shot with an arrow by a deep elf archer (22 damage)
             ... led by an ironheart preserver
             ... on level 1 of the Vaults.
             The game lasted 06:14:40 (62665 turns).

drasked the Gelid (Deep Elf Ice Elementalist)      Turns: 62665, Time: 06:14:40

Health: -16/96     AC: 13    Str:  5    XL:     17   Next: 82%
Magic:  8/38       EV: 17    Int: 28    God:    Vehumet [******]
Gold:   2982       SH:  0    Dex: 15    Spells: 8/46 levels left

rFire    + + .     SeeInvis .   H - staff of conjuration {!a}
rCold    + . .     Gourm    +   (no shield)
rNeg     . . .     Faith    .   Q - +1 robe {rC+ rF+}
rPois    .         Spirit   .   q - +0 helmet
rElec    .         Reflect  .   R - +1 cloak
rCorr    .         Harm     .   i - +1 pair of gloves
MR       +....                  a - +0 pair of boots
Stlth    ++........             G - amulet of the gourmand {Gourm, !d}
HPRegen  0.26/turn              v - +3 ring of protection
MPRegen  0.26/turn              t - ring of protection from fire {rF+, !d}

@: marked, very slightly contaminated
A: no striking features
}: 1/15 runes: decaying
a: Renounce Religion


You were on level 1 of the Vaults.
You worshipped Vehumet.
Vehumet was exalted by your worship.
You were completely stuffed.

You visited 6 branches of the dungeon, and saw 29 of its levels.

You collected 3307 gold pieces.
You spent 325 gold pieces at shops.

Inventory:

Hand Weapons
 z - the +3 falchion "Varutug" {drain, +Inv +Fly Dex+3}
   (You found it on level 2 of the Swamp)

   A truly terrible weapon, it drains the life of those it strikes.
   It affects your dexterity (+3).
   It lets you turn invisible.
   It lets you fly.
 O - the cursed +2 hand axe of Painful Death {chop, rPois rF- rC++ Int+4}
   (You took it off a spriggan on level 3 of the Swamp)

   It inflicts extra damage upon your enemies.
   It affects your intelligence (+4).
   It makes you vulnerable to fire.
   It greatly protects you from cold.
   It protects you from poison.
   It has a curse placed upon it.
Armour
 a - a +0 pair of boots (worn)
   (You bought it in a shop on level 2 of the Orcish Mines)
 i - a +1 pair of gloves (worn)
   (You bought it in a shop on level 2 of the Orcish Mines)
 q - a +0 helmet (worn)
   (You took it off Robin on level 2 of the Dungeon)
 Q - a +1 robe of resistance (worn)
   (You took it off an orc sorcerer on level 1 of the Orcish Mines)
 R - a +1 cloak (worn)
   (You took it off Maurice on level 2 of the Orcish Mines)
 S - a +2 robe of cold resistance
   (You took it off an orc sorcerer on level 2 of the Orcish Mines)
Magical Staves
 k - an uncursed staff of wizardry {wiz+, !a}
   (You found it on level 1 of the Swamp)
 H - an uncursed staff of conjuration (weapon) {!a}
   (You found it on level 3 of the Lair of Beasts)
 I - an uncursed staff of poison {rPois}
   (You took it off an orc on level 2 of the Orcish Mines)
Jewellery
 t - a ring of protection from fire (right hand) {rF+, !d}
   (You found it on level 5 of the Lair of Beasts)
 v - a +3 ring of protection (left hand)
   (You found it on level 3 of the Dungeon)
 G - an amulet of the gourmand (around neck) {Gourm, !d}
   (You found it on level 4 of the Lair of Beasts)
 N - an uncursed ring of flight {+Fly, !d}
   (You found it on level 4 of the Lair of Beasts)
Wands
 l - a wand of acid (10/15)
   (You found it on level 4 of the Swamp)
 A - a wand of digging (14/24)
   (You found it on level 4 of the Dungeon)
 U - a wand of acid (6/15)
   (You found it on level 12 of the Dungeon)
Scrolls
 f - 3 scrolls of identify
 g - 6 scrolls of enchant weapon
 m - 15 scrolls of remove curse
 w - 4 scrolls of amnesia
 x - 5 scrolls of fog
 y - 6 scrolls of teleportation
 K - 3 scrolls of recharging
Potions
 e - 4 potions of haste
 j - 2 potions of berserk rage {!q}
 p - 2 potions of resistance
 B - 3 potions of lignification {!q}
 D - 3 potions of might
 E - 2 potions of agility
 M - 2 potions of flight
 P - 2 potions of brilliance
Books
 b - a book of Frost
 h - a book of Enchantments
   (You found it on level 2 of the Lair of Beasts)
 n - a book of Misfortune
   (You found it on level 2 of the Dungeon)
 o - a book of Maledictions
   (You found it on level 6 of the Dungeon)
 s - a book of Debilitation
   (You found it on level 2 of the Swamp)
 L - a book of Minor Magic
   (You found it on level 3 of the Swamp)
 T - Roxanne's Compendium of the Mountains
   (You took it off Roxanne on level 15 of the Dungeon)

   Spells                             Type                      Level
   a - Sandblast                      Earth                        1
   b - Bolt of Magma                  Conjuration/Fire/Earth       5
   c - Iron Shot                      Conjuration/Earth            6
   d - Statue Form                    Transmutation/Earth          6
 V - a Fen Folio
   (You found it on level 3 of the Swamp)
 W - a book of Conjurations
   (You found it on level 13 of the Dungeon)
Miscellaneous
 J - a fan of gales
   (You found it on level 3 of the Swamp)
Comestibles
 c - 11 bread rations {@e1}
 d - 12 meat rations {@e2}
 r - 18 fruits
 C - a chunk of flesh {@w0}
 F - 6 royal jellies


   Skills:
 - Level 7.5 Fighting
 - Level 3.7 Armour
 - Level 7.2 Dodging
 - Level 2.4 Stealth
 - Level 15.2 Spellcasting
 - Level 10.0 Conjurations
 - Level 10.2 Hexes
 - Level 13.3 Charms
 - Level 10.0 Summonings
 + Level 17.9 Ice Magic
 - Level 10.0 Air Magic
 - Level 8.2 Earth Magic
 - Level 10.2 Poison Magic


You had 8 spell levels left.
You knew the following spells:

 Your Spells              Type           Power        Failure   Level  Hunger
a - Freeze                Ice            ####         0%          1    None
b - Summon Ice Beast      Ice/Summ       #######.     1%          4    None
c - Confuse               Hex            ######..     1%          3    None
d - Venom Bolt            Conj/Pois      #######...   1%          5    None
e - Iron Shot             Conj/Erth      #######...   2%          6    ####...
f - Freezing Cloud        Conj/Ice/Air   #######...   1%          6    ####...
g - Deflect Missiles      Chrm/Air       ######....   3%          6    ####...
x - Throw Icicle          Conj/Ice       #######.     1%          4    None
A - Ozocubu's Armour      Chrm/Ice       #######.     0%          3    None


Dungeon Overview and Level Annotations

Branches:
Dungeon (15/15)            Temple (1/1) D:6            Lair (6/6) D:9
  Swamp (4/4) Lair:2       Spider (0/4) Lair:4        Slime (0/5) Lair:5
    Orc (2/2) D:10            Elf (0/3) Orc:2        Vaults (1/5) D:13
 Depths (0/5) D:15

Altars:
Ashenzari
Cheibriados
Dithmenos
Elyvilon
Fedhas
Gozag
Hepliaklqana
Kikubaaqudgha
Makhleb
Nemelex Xobeh
Okawaru
Qazlal
Ru
Sif Muna
Trog
Uskayaw
Vehumet
Wu Jian
Xom
Yredelemnul
Zin
The Shining One
Beogh

Shops:
D:14 %[(   Orc:2 }?[[

Annotations:
Lair:4 exclusion: 3 oklob plants
Swamp:3 exclusion: 2 oklob plants


Message History

You take 31 damage, and have 8/96 hp.
MASSIVE DAMAGE!!
You now have 24/38 mp.
Okay, then.
Okay, then.
Really read
u - 2 scrolls of blinking {!r}?
Blink to where?
As you read the scroll of blinking {!r}, it crumbles to dust.
You hear a shout! x3
The vault sentinel blows a loud note on a signal horn!
As you read the scroll of fog, it crumbles to dust.
The scroll dissolves into smoke.
Aim: a flayed ghost (blue smoke)
You feel a surge of power!
The iron shot hits the flayed ghost.
You now have 20/38 mp.
Aim: a flayed ghost (blue smoke, severely damaged)
You feel a surge of power!
The iron shot hits the flayed ghost.
You destroy the flayed ghost!
Vehumet accepts your kill.
You feel your power returning.
The terrible wounds on your body vanish.
You hear a distant blaring wail to the east.
You regained 19 hp, and now have 29/96 hp.
You now have 16/38 mp.
Aim: a yaktaur captain, wielding an arbalest (blue smoke, chance to defeat MR: 47%)
The yaktaur captain resists with some effort.
You now have 14/38 mp.
Aim: a yaktaur captain, wielding an arbalest (blue smoke, chance to defeat MR: 47%)
The yaktaur captain appears confused.
The yaktaur captain unwields an uncursed arbalest.
The yaktaur captain hits something!
You now have 11/38 mp.
The yaktaur captain hits something!
The vault sentinel blows a loud note on a signal horn!
The yaktaur captain gestures wildly.
The vault sentinel points at you and mumbles some strange words.
You barely resist.
The yaktaur captain hits something!!
A great orb of eyes comes into view.
A deep elf knight comes into view. It is wielding a short sword.
Okay, then.
Aim: a yaktaur (chance to defeat MR: 64%)
The yaktaur appears confused.
You now have 10/38 mp.
Aim: a deep elf knight, wielding a short sword (chance to defeat MR: 29%)
The deep elf knight easily resists.
The yaktaur laughs crazily.
The vault sentinel blows a loud note on a signal horn!
A deep elf knight comes into view. It is wielding a scimitar.
You now have 7/38 mp.
A deep elf death mage and a deep elf archer come into view.
The yaktaur captain hits your ice beast.
The deep elf death mage moves out of view.
The deep elf knight hits you with a short sword.
* * * LOW HITPOINT WARNING * * *
The vault sentinel blows a loud note on a signal horn!
A deep elf mage comes into view. It is wielding a dagger.
You take 4 damage, and have 28/96 hp.
As you read the scroll of teleportation, it crumbles to dust.
You feel strangely unstable.
Your ice beast hits the yaktaur captain.
Your ice beast freezes the yaktaur captain!!
The deep elf knight gestures at you while chanting.
The shard of ice hits you! You partially resist.
* * * LOW HITPOINT WARNING * * *
The deep elf knight hits you with a short sword!
* * * LOW HITPOINT WARNING * * *
You take 23 damage, and have 5/96 hp.
MASSIVE DAMAGE!!
Your ice beast hits the yaktaur captain.
Your ice beast freezes the yaktaur captain!
The deep elf knight casts a spell.
The deep elf knight flickers and vanishes!
Deactivating autopickup; reactivate with Ctrl-A.
An ironheart preserver comes into view. It is wielding a great mace.
Your surroundings seem slightly different.
Your ice beast hits the yaktaur captain but does no damage.
The yaktaur hits your ice beast.
The yaktaur captain hits your ice beast.
A deep elf knight, 2 deep elf magi and a cyclops come into view.
Things that are here:
a giant spiked club; a giant club
Okay, then.
Okay, then.
Okay, then.
Okay, then.
Really read
u - a scroll of blinking {!r}?
Blink to where?
Okay, then.
Unknown command.
Unknown command.
Really read
u - a scroll of blinking {!r}? [Y]es or [N]o only, please.
Really read
u - a scroll of blinking {!r}?
Blink to where?
As you read the scroll of blinking {!r}, it crumbles to dust.
The deep elf archer unwields an uncursed short sword.
The deep elf archer wields an uncursed longbow.
The deep elf archer shoots an arrow.
The arrow hits you!!
You die...

#.## ###++# #.p. ###....###
##'## #........# #### #....
##..#..#.## #..### #.§..
#..##..#######....### #....
#..##..##..##§......###§§..
#..##..##..##.......§e#.e..
#####..##.@e{..pG§.cC.'e§.W
##.#.e#..##..e....Yc######
# #....epe.#.....)....#
#### ###...)###..^......##
.#.## #######'#####.......#
....###...#...#...###....##
.#...##...#(..#...# ###..#
###.####.###)###.## ####
.#.[.###.###.###.##


You could see an ironheart preserver, a deep elf death mage, a great orb of
eyes, a vault sentinel, a deep elf archer, a deep elf knight and a deep elf
mage.

Vanquished Creatures
  Roxanne (D:15)
  8 thorn hunters
  Kirke (Lair:4)
  Aizul (Lair:2)
  An orc warlord (Orc:2)
  An ironheart preserver (Vaults:1)
  Azrael (D:14)
  A dire elephant (D:15)
  2 ogre magi
  Josephine (D:11)
  2 vault guards (D:13)
  A fire dragon (Lair:6)
  26 hydras
  3 dancing weapons
  4 alligators
  18 two-headed ogres
  5 centaur warriors
  A death knight (D:14)
  An orc high priest (Orc:1)
  Urug (D:15)
  A deep elf knight (Vaults:1)
  6 unseen horrors
  A hell knight (D:14)
  A death drake (shapeshifter) (D:15)
  3 deep trolls (Vaults:1)
  11 swamp dragons
  4 spriggan druids
  2 flayed ghosts
  A deep elf archer (Vaults:1)
  A lindwurm (Lair:6)
  A phantasmal warrior (D:15)
  3 shambling mangroves
  4 orc knights
  3 deep elf magi
  5 orc sorcerers
  A wolf spider (D:15)
  18 ugly things
  6 manticores
  2 cyclopes
  Maurice (Orc:2)
  9 black mambas
  An elephant (Lair:3)
  A gargoyle (D:15)
  19 spiny frogs
  2 molten gargoyles (Lair:6)
  2 centaur skeletons
  11 komodo dragons
  A yaktaur (shapeshifter) (Vaults:1)
  A rime drake (Lair:6)
  A freezing wraith (D:14)
  4 kobold demonologists
  An efreet (D:15)
  2 polar bears (Lair:4)
  3 meliai (Lair:4)
  A harpy zombie (D:15)
  6 tyrant leeches
  9 hornets
  15 trolls
  2 queen bees
  10 bog bodies
  2 dream sheep (Lair:6)
  47 slime creatures
  17 blink frogs
  A hippogriff (shapeshifter) (Vaults:1)
  6 hippogriffs
  6 shadows
  9 wyverns
  10 spriggans
  21 yaks
  4 wraiths
  9 basilisks
  Eustachio (D:5)
  3 steam dragons (Lair:6)
  4 fire elementals (D:14)
  28 vampire mosquitoes
  A basilisk (shapeshifter) (D:11)
  2 soldier ants
  19 insubstantial wisps
  20 swamp worms
  4 wargs (Orc:2)
  7 hell hounds
  12 water moccasins
  An acid dragon (D:15)
  44 orc warriors
  3 porcupines
  6 ice beasts
  3 sky beasts
  21 swamp drakes
  A black bear (D:13)
  2 eyes of draining
  16 ogres
  24 centaurs
  8 wolves
  9 crocodiles
  2 big kobolds (D:14)
  9 bullfrogs
  A wyvern skeleton (D:15)
  7 scorpions
  53 killer bees
  5 electric eels
  A vampire bat (D:4)
  A howler monkey (D:10)
  7 wights
  7 centaur zombies
  2 bullfrog zombies (D:12)
  8 crimson imps
  5 lava snakes (Lair:6)
  8 hounds
  3 jellies
  2 bullfrog skeletons
  33 orc priests
  24 orc wizards
  A gnoll shaman (D:10)
  5 worker ants
  A hound skeleton (D:11)
  3 adders (D:2)
  3 gnolls (D:10)
  4 shadow imps
  2 worms (Lair:4)
  A leopard gecko (D:1)
  106 orcs
  8 bats
  2 giant cockroaches
  8 hobgoblins
  An iguana (D:6)
  5 jackals
  4 quokkas
  5 frilled lizards
  21 goblins
  12 kobolds
  A quokka skeleton (D:4)
  5 rats
  2 briar patches (Swamp:3)
  A fungus (Lair:3)
  A plant (Lair:3)
1007 creatures vanquished.

Vanquished Creatures (collateral kills)
  An orc warlord (Orc:2)
  The ghost of B1inky the Nimble, a journeyman OpFi of Gozag (Orc:2)
  2 vault guards
  2 hydras
  2 two-headed ogres
  A death yak (Lair:3)
  4 orc high priests (Orc:2)
  Sonja (Lair:2)
  A deep troll (Vaults:1)
  A swamp dragon (Swamp:1)
  A lindwurm (Lair:4)
  2 orc knights
  The ghost of B1inky the Ducker, a novice OpFi of Gozag (D:6)
  5 ugly things
  A cyclops (D:13)
  An orc sorcerer (Orc:2)
  2 black mambas
  8 spiny frogs
  2 rime drakes
  3 komodo dragons (Lair:6)
  A demonic crawler (Lair:4)
  8 trolls
  3 polar bears
  A tyrant leech (Swamp:1)
  Prince Ribbit (D:5)
  12 slime creatures
  Grinder (D:5)
  5 dream sheep (Lair:6)
  4 blink frogs
  3 hippogriffs
  A wraith (D:11)
  14 yaks
  A shadow (D:12)
  3 basilisks
  A wyvern (D:9)
  3 vampire mosquitoes (Lair:2)
  4 wargs
  An acid dragon (D:13)
  5 water moccasins
  2 porcupines
  A phantom (D:5)
  2 ice beasts
  13 orc warriors
  2 sky beasts
  2 black bears
  12 wolves
  15 ogres
  A centaur (D:9)
  9 crocodiles
  4 bullfrogs
  2 scorpions
  A water moccasin skeleton (D:8)
  9 killer bees
  9 wights
  4 howler monkeys
  A crimson imp (D:7)
  2 bullfrog zombies
  A hound (D:13)
  11 orc wizards
  A gnoll shaman (D:4)
  11 orc priests
  A bullfrog skeleton (D:9)
  2 centaur skeletons
  14 jellies
  Ijyb (D:5)
  Jessica (D:3)
  2 iguanas
  Terence (D:2)
  A hell rat (Lair:4)
  7 worker ants
  Robin (D:2)
  6 gnolls
  7 adders
  A shadow imp (D:9)
  2 oozes (Lair:5)
  2 leopard geckos
  38 orcs
  3 bats (D:4)
  3 jackals (D:6)
  A quokka (D:5)
323 creatures vanquished.

Vanquished Creatures (others)
  A black mamba (Lair:6)
  3 humans (Lair:4)
  4 briar patches
  25 fungi
  18 plants
51 creatures vanquished.

Grand Total: 1381 creatures vanquished

Notes
Turn   | Place    | Note
-------+----------+-------------------------------------------
     0 | D:1      | drasked the Deep Elf Ice Elementalist began the quest for the Orb.
     0 | D:1      | Reached XP level 1. HP: 10/10 MP: 6/6
   452 | D:1      | Reached XP level 2. HP: 15/15 MP: 6/8
   530 | D:1      | Reached skill level 4 in Ice Magic
  1108 | D:2      | Reached XP level 3. HP: 19/19 MP: 6/9
  1466 | D:2      | Reached skill level 5 in Ice Magic
  1529 | D:2      | Noticed Terence
  1653 | D:2      | Noticed Robin
  1707 | D:2      | Reached XP level 4. HP: 24/24 MP: 7/10
  1713 | D:2      | Learned a level 4 spell: Summon Ice Beast
  2057 | D:2      | Killed Robin
  2273 | D:1      | Reached skill level 1 in Summonings
  2319 | D:2      | Killed Terence
  2547 | D:3      | Found a stormy altar of Qazlal.
  2659 | D:3      | Noticed Jessica
  2670 | D:3      | Killed Jessica
  2731 | D:3      | Reached skill level 2 in Summonings
  2731 | D:3      | Reached XP level 5. HP: 25/28 MP: 5/11
  3382 | D:4      | Reached skill level 6 in Ice Magic
  3546 | D:4      | Reached skill level 3 in Summonings
  3560 | D:4      | Noticed an ogre
  3567 | D:4      | Killed an ogre
  3662 | D:4      | Reached skill level 1 in Fighting
  3662 | D:4      | Reached XP level 6. HP: 34/34 MP: 5/12
  3680 | D:4      | Reached skill level 4 in Summonings
  4069 | D:4      | Noticed a sky beast
  4087 | D:4      | Killed a sky beast
  4305 | D:5      | Entered Level 5 of the Dungeon
  4411 | D:5      | Reached skill level 2 in Fighting
  4411 | D:5      | Reached skill level 5 in Summonings
  4437 | D:5      | Reached XP level 7. HP: 38/40 MP: 10/13
  4489 | D:5      | Noticed Prince Ribbit
  4521 | D:5      | Killed Prince Ribbit
  4521 | D:5      | Reached skill level 6 in Summonings
  4620 | D:5      | Noticed Eustachio
  4654 | D:5      | Killed Eustachio
  4654 | D:5      | Reached skill level 3 in Fighting
  4694 | D:5      | Found a burning altar of Makhleb.
  4712 | D:5      | Reached skill level 4 in Spellcasting
  4859 | D:5      | Found a shadowy altar of Dithmenos.
  4863 | D:5      | Found a sparkling altar of Nemelex Xobeh.
  4893 | D:5      | Noticed Grinder
  4989 | D:5      | Noticed Ijyb
  5000 | D:5      | Killed Ijyb
  5153 | D:5      | Paralysed by Grinder for 2 turns
  5168 | D:5      | Killed Grinder
  5168 | D:5      | Reached skill level 3 in Dodging
  5182 | D:5      | Reached skill level 5 in Spellcasting
  5251 | D:5      | Reached XP level 8. HP: 46/46 MP: 6/17
  5441 | D:6      | Found a shimmering altar of Xom.
  5464 | D:6      | Noticed B1inky's ghost (novice OpFi)
  5477 | D:6      | Killed B1inky's ghost
  5477 | D:6      | Reached skill level 4 in Dodging
  5477 | D:6      | Reached skill level 6 in Spellcasting
  5483 | D:6      | Learned a level 4 spell: Throw Icicle
  5487 | D:6      | Learned a level 3 spell: Confuse
  5601 | D:6      | Reached skill level 1 in Hexes
  5941 | D:6      | Found a staircase to the Ecumenical Temple.
  5948 | Temple   | Entered the Ecumenical Temple
  6027 | Temple   | Became a worshipper of Vehumet
  6243 | D:7      | Reached skill level 2 in Hexes
  6425 | D:7      | Reached skill level 3 in Hexes
  6465 | D:7      | Reached skill level 4 in Hexes
  6607 | D:7      | Found a basalt altar of Yredelemnul.
  6845 | D:7      | Reached skill level 5 in Hexes
  7059 | D:8      | Found an ornate altar of the Wu Jian Council.
  7108 | D:8      | Reached skill level 6 in Hexes
  7502 | D:8      | Reached * piety under Vehumet
  7502 | D:8      | Offered knowledge of Shock by Vehumet.
  7502 | D:8      | Reached skill level 7 in Hexes
  7757 | D:8      | Reached XP level 9. HP: 50/50 MP: 13/20
  7845 | D:9      | Reached skill level 8 in Hexes
  8076 | D:9      | Reached skill level 2 in Conjurations
  8140 | D:9      | Reached skill level 3 in Conjurations
  8186 | D:9      | Found a staircase to the Lair.
  8339 | D:9      | Reached skill level 4 in Conjurations
  8541 | D:9      | Noticed a troll
  8552 | D:9      | Killed a troll
  8670 | D:9      | Reached skill level 5 in Conjurations
  8874 | D:9      | Noticed a green ugly thing
  8885 | D:9      | Killed a green ugly thing
  8885 | D:9      | Reached skill level 6 in Conjurations
  8938 | D:9      | Noticed a two-headed ogre
  8950 | D:9      | Killed a two-headed ogre
  8950 | D:9      | Reached skill level 7 in Conjurations
  9048 | D:9      | Offered knowledge of Sandblast by Vehumet.
  9051 | D:9      | Reached ** piety under Vehumet
  9089 | D:9      | Noticed a troll
  9357 | D:9      | Noticed a troll
  9364 | D:9      | Reached skill level 8 in Conjurations
  9368 | D:9      | Killed a troll
  9465 | D:9      | Noticed a troll
  9470 | D:9      | Noticed a troll
 10062 | D:9      | Noticed a troll
 10066 | D:9      | Killed a troll
 10066 | D:9      | Reached XP level 10. HP: 49/56 MP: 10/21
 10172 | D:9      | Reached skill level 7 in Ice Magic
 10432 | D:9      | Reached skill level 8 in Ice Magic
 10694 | D:9      | Reached skill level 9 in Ice Magic
 11150 | D:9      | Offered knowledge of Throw Flame by Vehumet.
 11512 | Lair:1   | Entered Level 1 of the Lair of Beasts
 11549 | Lair:1   | Noticed a spiny frog
 11561 | Lair:1   | Killed a spiny frog
 11561 | Lair:1   | Reached skill level 10 in Ice Magic
 11616 | Lair:1   | Noticed a black mamba
 11736 | D:9      | Reached *** piety under Vehumet
 11776 | Lair:1   | Reached skill level 5 in Dodging
 11776 | Lair:1   | Reached skill level 9 in Conjurations
 12301 | Lair:1   | Noticed a spiny frog
 12309 | Lair:1   | Killed a black mamba
 12320 | Lair:1   | Killed a spiny frog
 12633 | Lair:2   | Reached skill level 7 in Spellcasting
 13111 | Lair:2   | Noticed a spiny frog
 13161 | Lair:2   | Found a staircase to the Swamp.
 13425 | Lair:3   | Noticed a spiny frog
 13455 | Lair:3   | Killed a spiny frog
 13455 | Lair:3   | Reached skill level 6 in Dodging
 13455 | Lair:3   | Reached XP level 11. HP: 60/60 MP: 8/24
 13497 | Lair:2   | Noticed Sonja
 13728 | Lair:3   | Offered knowledge of Sticky Flame by Vehumet.
 13749 | Lair:3   | Reached skill level 8 in Spellcasting
 13954 | Lair:3   | Noticed a seven-headed hydra
 13972 | Lair:3   | Killed a seven-headed hydra
 13972 | Lair:3   | Reached skill level 10 in Conjurations
 14528 | Lair:2   | Reached skill level 9 in Spellcasting
 14858 | Lair:2   | Killed Sonja
 14989 | Lair:2   | Reached skill level 7 in Summonings
 15265 | Lair:3   | Reached skill level 10 in Spellcasting
 15454 | Lair:3   | Reached **** piety under Vehumet
 16062 | Lair:4   | Reached skill level 8 in Summonings
 16559 | Lair:4   | Reached skill level 11 in Spellcasting
 16840 | Lair:4   | Noticed a seven-headed hydra
 16849 | Lair:4   | Killed a seven-headed hydra
 17267 | Lair:4   | Reached skill level 9 in Summonings
 17324 | Lair:4   | Offered knowledge of Venom Bolt by Vehumet.
 17440 | Lair:3   | Learned a level 5 spell: Venom Bolt
 17520 | Lair:4   | Noticed a lindwurm
 17565 | Lair:4   | Reached XP level 12. HP: 60/64 MP: 18/29
 17723 | Lair:4   | Reached skill level 9 in Hexes
 17772 | Lair:4   | Noticed a death yak
 18059 | Lair:3   | Killed a death yak
 18250 | Lair:4   | Reached skill level 4 in Fighting
 18352 | Lair:4   | Reached skill level 1 in Poison Magic
 18741 | Lair:3   | HP: 16/66 [poisoned by a killer bee]
 18748 | Lair:3   | HP: 14/66 [poisoned by a killer bee]
 18755 | Lair:3   | HP: 14/66 [poisoned by a killer bee]
 18763 | Lair:3   | HP: 14/66 [poisoned by a killer bee]
 19024 | Lair:3   | Reached skill level 2 in Poison Magic
 19225 | Lair:3   | Got a smoking flail
 19247 | Lair:4   | Reached skill level 3 in Poison Magic
 19660 | Lair:4   | Reached skill level 4 in Poison Magic
 19884 | Lair:4   | Reached skill level 10 in Hexes
 19887 | Lair:4   | Noticed Kirke
 19892 | Lair:4   | Killed Kirke
 19892 | Lair:4   | Reached skill level 10 in Summonings
 19892 | Lair:4   | Reached skill level 5 in Poison Magic
 19922 | Lair:4   | Reached skill level 5 in Fighting
 20125 | Lair:4   | Found a hole to the Spider Nest.
 20364 | Lair:3   | Identified the +6 flail of Generosity {crush, +Blink rC+ Str+2} (You found it on level 3 of the Lair of Beasts)
 20414 | Lair:3   | Reached skill level 6 in Poison Magic
 20852 | Lair:4   | HP: 16/68 [demonic crawler (4)]
 21553 | Lair:5   | Reached skill level 7 in Poison Magic
 21565 | Lair:5   | Reached ***** piety under Vehumet
 21565 | Lair:5   | Offered knowledge of Conjure Ball Lightning by Vehumet.
 21829 | Lair:5   | Found a staircase to the Slime Pits.
 22540 | Lair:5   | Reached XP level 13. HP: 74/74 MP: 30/30
 22774 | Lair:6   | Entered Level 6 of the Lair of Beasts
 22779 | Lair:6   | Reached skill level 6 in Fighting
 22978 | Lair:6   | Reached skill level 8 in Poison Magic
 23217 | Lair:6   | Got a steaming ring mail
 23218 | Lair:6   | Identified the +2 ring mail "Kuqetion" {Str+5} (You found it on level 6 of the Lair of Beasts)
 23893 | Lair:6   | Reached skill level 9 in Poison Magic
 25631 | Lair:6   | Offered knowledge of Bolt of Magma by Vehumet.
 25816 | Lair:6   | Reached skill level 10 in Poison Magic
 26210 | Lair:6   | Reached skill level 7 in Fighting
 26273 | Lair:6   | HP: 19/76 [black mamba (19)]
 27374 | Lair:6   | Noticed a fire dragon
 27378 | Lair:6   | Found a large runed door.
 27438 | Lair:6   | Reached skill level 7 in Dodging
 27549 | Lair:6   | Found a large runed door.
 27617 | Lair:6   | Killed a fire dragon
 27957 | D:10     | Entered Level 10 of the Dungeon
 28447 | D:10     | Found a staircase to the Orcish Mines.
 28635 | D:10     | Reached skill level 1 in Armour
 28635 | D:10     | Reached skill level 11 in Ice Magic
 29065 | Orc:1    | Entered Level 1 of the Orcish Mines
 29069 | Orc:1    | Noticed Maurice
 29420 | Orc:1    | Found an iron altar of Okawaru.
 30521 | Orc:2    | Entered Level 2 of the Orcish Mines
 30547 | Orc:1    | Offered knowledge of Iron Shot by Vehumet.
 30555 | Orc:1    | Learned a level 6 spell: Iron Shot
 30744 | Orc:2    | Killed Maurice
 30744 | Orc:2    | Reached skill level 2 in Armour
 30746 | Orc:2    | Reached skill level 1 in Earth Magic
 30846 | Orc:2    | Reached XP level 14. HP: 82/82 MP: 20/31
 30928 | Orc:2    | Reached skill level 2 in Earth Magic
 30958 | Orc:2    | Reached skill level 3 in Armour
 31067 | Orc:2    | Noticed B1inky's ghost (journeyman OpFi)
 31180 | Orc:1    | Found a radiant altar of Vehumet.
 31435 | Orc:2    | Killed B1inky's ghost
 31875 | Orc:2    | Reached skill level 3 in Earth Magic
 32631 | Orc:2    | Found a roughly hewn altar of Beogh.
 32643 | Orc:2    | Reached skill level 4 in Earth Magic
 32830 | Orc:2    | Found Ykhlig's Armour Boutique.
 32833 | Orc:2    | Found Hioblat's Antique Armour Shop.
 32838 | Orc:2    | Bought a pair of boots for 157 gold pieces
 32853 | Orc:2    | Bought a +1 pair of gloves for 126 gold pieces
 33294 | Orc:1    | Learned a level 3 spell: Ozocubu's Armour
 33550 | Orc:2    | Reached skill level 1 in Charms
 33699 | Orc:2    | Reached skill level 2 in Charms
 33723 | Orc:2    | Reached skill level 5 in Earth Magic
 33808 | Orc:2    | Noticed an orc warlord
 34143 | Orc:2    | Found a staircase to the Elven Halls.
 34180 | Orc:2    | Offered knowledge of Lee's Rapid Deconstruction by Vehumet.
 34181 | Orc:2    | Reached skill level 3 in Charms
 34509 | Orc:2    | Reached skill level 4 in Charms
 35427 | Orc:2    | Reached skill level 6 in Earth Magic
 36184 | Orc:2    | Reached skill level 5 in Charms
 36391 | Orc:2    | Killed an orc warlord
 36589 | Orc:2    | Noticed an orc warlord
 37066 | Orc:2    | Killed an orc warlord
 37066 | Orc:2    | Reached skill level 6 in Charms
 37193 | Orc:2    | Found a roughly hewn altar of Beogh.
 37337 | Orc:2    | Reached skill level 7 in Earth Magic
 37393 | Orc:2    | Found Useraip's Gadget Shop.
 37526 | Orc:2    | Found Atoadwops's Magic Scroll Boutique.
 37534 | Orc:2    | Bought a scroll of teleportation for 42 gold pieces
 37823 | Orc:1    | Reached skill level 7 in Charms
 38049 | Swamp:1  | Entered Level 1 of the Swamp
 38049 | Swamp:1  | Noticed Aizul
 38201 | D:11     | Noticed Josephine
 39023 | D:11     | Killed Josephine
 39105 | D:11     | Reached skill level 8 in Earth Magic
 39146 | D:11     | Reached skill level 8 in Charms
 39374 | D:12     | Offered knowledge of Freezing Cloud by Vehumet.
 39384 | D:12     | Learned a level 6 spell: Freezing Cloud
 39973 | D:12     | Reached skill level 1 in Air Magic
 40428 | D:12     | Reached skill level 2 in Air Magic
 41012 | D:13     | Reached skill level 3 in Air Magic
 41292 | D:13     | Reached skill level 4 in Air Magic
 41966 | D:12     | Reached skill level 5 in Air Magic
 42656 | D:13     | Reached XP level 15. HP: 86/86 MP: 17/32
 42677 | D:13     | Reached skill level 6 in Air Magic
 42970 | D:13     | Found a gate to the Vaults.
 43331 | D:13     | Reached skill level 7 in Air Magic
 43893 | D:13     | Found a large runed door.
 43893 | D:13     | Found a large runed door.
 44545 | D:14     | Offered knowledge of Ozocubu's Refrigeration by Vehumet.
 44545 | D:14     | Reached skill level 8 in Air Magic
 45200 | D:14     | Found Jayg's Antique Weapon Shop.
 45395 | D:14     | Noticed Azrael
 45406 | D:14     | HP: 12/86 [Azrael/damnation (36)]
 45408 | D:14     | Killed Azrael
 45408 | D:14     | Reached skill level 9 in Air Magic
 45859 | D:14     | Found Tennuibb's Food Boutique.
 45886 | D:14     | Reached skill level 12 in Spellcasting
 46630 | D:14     | Reached skill level 10 in Air Magic
 46659 | D:14     | Found Tirara's Armour Emporium.
 46740 | D:14     | Offered knowledge of Bolt of Cold by Vehumet.
 46915 | D:14     | Reached skill level 9 in Charms
 47242 | D:15     | Entered Level 15 of the Dungeon
 47498 | D:15     | Reached skill level 13 in Spellcasting
 47512 | D:15     | Noticed Roxanne
 47689 | D:15     | Killed Roxanne
 47689 | D:15     | Reached skill level 10 in Charms
 47692 | D:15     | Identified Roxanne's Compendium of the Mountains (You took it off Roxanne on level 15 of the Dungeon)
 47695 | D:15     | Noticed Urug
 47705 | D:15     | Paralysed by a hornet for 1 turns
 48622 | D:15     | Killed Urug
 48976 | D:15     | Reached skill level 11 in Charms
 49141 | D:15     | Reached XP level 16. HP: 92/92 MP: 8/35
 49352 | D:15     | Reached skill level 14 in Spellcasting
 49683 | D:14     | HP: 18/90 [poison (dark miasma)]
 49966 | D:15     | Reached skill level 12 in Charms
 50617 | D:15     | Found a staircase to the Depths.
 51021 | Lair:2   | HP: 3/92 [Aizul/poison arrow (23)]
 51237 | Lair:2   | Killed Aizul
 51240 | Lair:2   | HP: 23/92 [poisoned by Aizul (poison arrow)]
 51245 | Lair:2   | HP: 16/92 [poisoned by Aizul (poison arrow)]
 51250 | Lair:2   | HP: 12/92 [poisoned by Aizul (poison arrow)]
 51255 | Lair:2   | HP: 9/92 [poisoned by Aizul (poison arrow)]
 51260 | Lair:2   | HP: 7/92 [poisoned by Aizul (poison arrow)]
 51265 | Lair:2   | HP: 6/92 [poisoned by Aizul (poison arrow)]
 51272 | Lair:2   | HP: 6/92 [poisoned by Aizul (poison arrow)]
 51280 | Lair:2   | HP: 6/92 [poisoned by Aizul (poison arrow)]
 51920 | Lair:2   | Reached skill level 15 in Spellcasting
 51925 | Lair:2   | HP: 22/92 [poisoned by a hornet]
 51930 | Lair:2   | HP: 19/92 [poisoned by a hornet]
 51937 | Lair:2   | HP: 17/92 [poisoned by a hornet]
 51944 | Lair:2   | HP: 17/92 [poisoned by a hornet]
 51952 | Lair:2   | HP: 17/92 [poisoned by a hornet]
 52125 | Lair:2   | Reached skill level 13 in Charms
 52537 | Swamp:1  | Learned a level 6 spell: Deflect Missiles
 52707 | Swamp:1  | Reached ****** piety under Vehumet
 53039 | Swamp:1  | Offered knowledge of Glaciate by Vehumet.
 53039 | Swamp:1  | Offered knowledge of Tornado by Vehumet.
 53039 | Swamp:1  | Offered knowledge of Ignition by Vehumet.
 53146 | Swamp:1  | Reached skill level 12 in Ice Magic
 54625 | Swamp:1  | HP: 22/92 [slime creature (9)]
 54625 | Swamp:1  | HP: 9/92 [spiny frog (2)]
 54634 | Swamp:1  | HP: 23/92 [poisoned by a spiny frog]
 54641 | Swamp:1  | HP: 22/92 [poisoned by a spiny frog]
 54647 | Swamp:1  | HP: 18/92 [slime creature (5)]
 54652 | Swamp:1  | HP: 15/92 [poisoned by a spiny frog]
 55015 | Swamp:2  | HP: 20/92 [six-headed hydra (8)]
 55018 | Swamp:2  | Reached skill level 13 in Ice Magic
 55952 | Swamp:2  | Got a pitted falchion
 56405 | Swamp:3  | Noticed a thorn hunter
 56415 | Swamp:3  | Killed a thorn hunter
 56719 | Swamp:3  | Reached skill level 14 in Ice Magic
 56856 | Swamp:3  | Noticed a thorn hunter
 56857 | Swamp:3  | Noticed a thorn hunter
 56871 | Swamp:3  | Killed a thorn hunter
 56880 | Swamp:3  | Killed a thorn hunter
 56946 | Swamp:3  | Noticed a thorn hunter
 56948 | Swamp:3  | Killed a thorn hunter
 56948 | Swamp:3  | Reached XP level 17. HP: 96/96 MP: 3/38
 57055 | Swamp:3  | HP: 14/96 [thorn hunter (13)]
 57577 | Swamp:3  | Identified the +3 falchion "Varutug" {drain, +Inv +Fly Dex+3} (You found it on level 2 of the Swamp)
 57779 | Swamp:3  | Reached skill level 15 in Ice Magic
 58566 | Swamp:3  | Got a jewelled hand axe {chop}
 58568 | Swamp:3  | Identified the cursed +2 hand axe of Painful Death {chop, rPois rF- rC++ Int+4} (You took it off a spriggan on level 3 of the Swamp)
 58675 | Swamp:4  | Entered Level 4 of the Swamp
 59096 | Swamp:4  | HP: 24/96 [poison (poison gas)]
 59099 | Swamp:4  | HP: 11/96 [poison (poison gas)]
 59104 | Swamp:4  | HP: 21/96 [poison (poison gas)]
 59599 | Swamp:4  | Reached skill level 16 in Ice Magic
 60771 | Swamp:4  | Reached skill level 17 in Ice Magic
 61268 | Swamp:4  | Got a decaying rune of Zot
 61530 | Vaults:1 | Entered Level 1 of the Vaults
 62231 | Vaults:1 | Paralysed by an ogre mage for 3 turns
 62643 | Vaults:1 | HP: 8/96 [yaktaur captain/bolt (31)]
 62662 | Vaults:1 | HP: 12/96 [deep elf knight/shard of ice[an ironheart preserver] (16)]
 62662 | Vaults:1 | HP: 5/96 [deep elf knight/short sword[an ironheart preserver] (7)]
 62665 | Vaults:1 | drasked: jesus christ
 62665 | Vaults:1 | Shot with an arrow by a deep elf archer

Vault maps used:
D:1:      minmay_arrival_split_and_join, kennysheep_crisscross
D:2:      first_bread, serial_forest, infiniplex_forest_clump_cross,
          infiniplex_forest_lined_2, infiniplex_forest_lined_ring,
          infiniplex_forest_clump_diagonal, infiniplex_forest_clump_double,
          infiniplex_forest_lined_4_way, infiniplex_forest_clump_small,
          infiniplex_forest_lined_3, infiniplex_forest_clump_cross, uniq_robin,
          uniq_terence
D:3:      nicolae_overflow_hidden_temple, uniq_jessica
D:4:      roderic_batcave
D:5:      grunt_temple_overflow_open, minmay_liquid_box, uniq_eustachio,
          uniq_ijyb, uniq_prince_ribbit1, uniq_grinder
D:6:      minmay_temple_entry_enclosed_plants, dk_xom_monty_hall
D:7:      nicolae_overflow_crystal_walls
D:8:      kennysheep_mini
D:9:      lemuel_troll_bridge, erik_lair_orcish_takeover
D:10:     erik_orc_1
D:11:     uniq_josephine
D:13:     doesnt_quadruple_sword, lightli_vaults_fourway_checkpoint,
          serial_curves, eino_curves_03, eino_curves_01, david_nohive_1
D:14:     hourglass_vault, serial_shops, nicolae_shop_overgrown_old_shop,
          nicolae_shop_stone, shop, minmay_misc_feat_square, spider_trap,
          uniq_azrael
D:15:     hangedman_depths_entry_try_elsewhere_first, uniq_urug, uniq_roxanne
Temple:   eino_temple_rhombus
Lair:1:   st_stairs_13, lemuel_fruit_tree, grunt_megastairs_4
Lair:2:   minmay_swamp_entry_swarm, infiniplex_staircase_pool, uniq_sonja
Lair:4:   hangedman_what_comes_after_a, nicolae_spider_entry_non_spiders,
          cheibrodos_lair_lostbears, uniq_kirke
Lair:5:   minmay_slime_entry_jelly_boxes, serial_bayou_shore_b
Lair:6:   cheibrodos_lair_end_hotspot, lemuel_fruit_fields
Swamp:1:  evilmike_swamp_ruin_house_6, uniq_aizul
Swamp:2:  evilmike_swamp_ruin_house_2
Swamp:3:  nicolae_swamp_phyte_club, nicolae_swamp_very_dense_foliage
Swamp:4:  swamp, swamp_pool2
Orc:1:    basic_altar, okawaru_metal_pillars_1_2, uniq_maurice
Orc:2:    pubby_orc_utopia, serial_shops
Vaults:1: ontoclasm_vaults_ring_small, ontoclasm_vaults_misaligned,
          vaults_mumra_chevron, nicolae_vaults_mini_display_case,
          nicolae_vaults_circle_grid_a, v_misc_29, vaults_room_octagon,
          ontoclasm_vaults_fault, v_misc_33, hangedman_vaults_snaps,
          nicolae_vaults_ninety_degrees, dpeg_vaults_monster_box,
          ontoclasm_vaults_gateway, nicolae_vaults_little_squares_4

Skill      XL: |  1  2  3  4  5  6  7  8  9 10 11 12 13 14 15 16 17 |
---------------+----------------------------------------------------+-----
Ice Magic      | 4 5 6 10 11 14 17 | 17.9
Summonings     | 2 3 5 6 9 10 | 10.0
Fighting       | 1 2 3 5 7 |  7.5
Spellcasting   | 5 6 7 11 13 15 | 15.2
Dodging        | 3 4 6 7 |  7.2
Hexes          | 7 8 10 | 10.2
Conjurations   | 8 9 10 | 10.0
Poison Magic   | 7 10 | 10.2
Armour         | 2 3 |  3.7
Earth Magic    | 1 8 |  8.2
Charms         | 8 11 13 | 13.3
Air Magic      | 5 10 | 10.0
Stealth        | |  2.4

Action                   |  1- 3 |  4- 6 |  7- 9 | 10-12 | 13-15 | 16-18 || total
-------------------------+-------+-------+-------+-------+-------+-------++-------
Melee: Short sword       |     7 |    16 |    11 |    15 |       |       ||    49
       Staff             |       |       |       |       |     1 |       ||     1
 Cast: Freeze            |    51 |    58 |    48 |    38 |    46 |    36 ||   277
       Summon Ice Beast  |       |    11 |    95 |   109 |   177 |    22 ||   414
       Confuse           |       |       |    17 |   166 |   166 |    48 ||   397
       Throw Icicle      |       |       |    10 |   176 |   474 |   309 ||   969
       Venom Bolt        |       |       |       |    32 |    96 |     7 ||   135
       Iron Shot         |       |       |       |       |   105 |    92 ||   197
       Freezing Cloud    |       |       |       |       |    96 |   102 ||   198
       Ozocubu's Armour  |       |       |       |       |     2 |     1 ||     3
       Deflect Missiles  |       |       |       |       |       |     1 ||     1
 Abil: Evoke Flight      |       |       |       |       |     2 |       ||     2
Evoke: Wand              |       |       |       |       |     3 |       ||     3
  Use: Potion            |       |     1 |     5 |     3 |     8 |     9 ||    26
       Scroll            |       |       |    17 |     9 |    10 |    16 ||    52
 Stab: Sleeping          |     1 |     2 |     1 |       |       |       ||     4
       Confused          |       |       |     1 |     3 |       |       ||     4
  Eat: Chunk             |     2 |     9 |    23 |    50 |   111 |    65 ||   260
       Bread ration      |       |     1 |       |       |       |       ||     1
       Royal jelly       |       |       |     2 |     5 |     6 |     4 ||    17
       Fruit             |       |       |       |     3 |    10 |     2 ||    15
Armor: Robe              |     9 |    10 |    13 |    33 |    92 |    49 ||   206
       Steam dragon scal |       |       |       |       |    31 |       ||    31
Dodge: Dodged            |    20 |    50 |    48 |   174 |   310 |   156 ||   758
       Deflected         |       |       |       |       |       |    15 ||    15

Vault maps used:
D:1:      minmay_arrival_split_and_join, kennysheep_crisscross
D:2:      first_bread, serial_forest, infiniplex_forest_clump_cross,
          infiniplex_forest_lined_2, infiniplex_forest_lined_ring,
          infiniplex_forest_clump_diagonal, infiniplex_forest_clump_double,
          infiniplex_forest_lined_4_way, infiniplex_forest_clump_small,
          infiniplex_forest_lined_3, infiniplex_forest_clump_cross, uniq_robin,
          uniq_terence
D:3:      nicolae_overflow_hidden_temple, uniq_jessica
D:4:      roderic_batcave
D:5:      grunt_temple_overflow_open, minmay_liquid_box, uniq_eustachio,
          uniq_ijyb, uniq_prince_ribbit1, uniq_grinder
D:6:      minmay_temple_entry_enclosed_plants, dk_xom_monty_hall
D:7:      nicolae_overflow_crystal_walls
D:8:      kennysheep_mini
D:9:      lemuel_troll_bridge, erik_lair_orcish_takeover
D:10:     erik_orc_1
D:11:     uniq_josephine
D:13:     doesnt_quadruple_sword, lightli_vaults_fourway_checkpoint,
          serial_curves, eino_curves_03, eino_curves_01, david_nohive_1
D:14:     hourglass_vault, serial_shops, nicolae_shop_overgrown_old_shop,
          nicolae_shop_stone, shop, minmay_misc_feat_square, spider_trap,
          uniq_azrael
D:15:     hangedman_depths_entry_try_elsewhere_first, uniq_urug, uniq_roxanne
Temple:   eino_temple_rhombus
Lair:1:   st_stairs_13, lemuel_fruit_tree, grunt_megastairs_4
Lair:2:   minmay_swamp_entry_swarm, infiniplex_staircase_pool, uniq_sonja
Lair:4:   hangedman_what_comes_after_a, nicolae_spider_entry_non_spiders,
          cheibrodos_lair_lostbears, uniq_kirke
Lair:5:   minmay_slime_entry_jelly_boxes, serial_bayou_shore_b
Lair:6:   cheibrodos_lair_end_hotspot, lemuel_fruit_fields
Swamp:1:  evilmike_swamp_ruin_house_6, uniq_aizul
Swamp:2:  evilmike_swamp_ruin_house_2
Swamp:3:  nicolae_swamp_phyte_club, nicolae_swamp_very_dense_foliage
Swamp:4:  swamp, swamp_pool2
Orc:1:    basic_altar, okawaru_metal_pillars_1_2, uniq_maurice
Orc:2:    pubby_orc_utopia, serial_shops
Vaults:1: ontoclasm_vaults_ring_small, ontoclasm_vaults_misaligned,
          vaults_mumra_chevron, nicolae_vaults_mini_display_case,
          nicolae_vaults_circle_grid_a, v_misc_29, vaults_room_octagon,
          ontoclasm_vaults_fault, v_misc_33, hangedman_vaults_snaps,
          nicolae_vaults_ninety_degrees, dpeg_vaults_monster_box,
          ontoclasm_vaults_gateway, nicolae_vaults_little_squares_4

Table legend:
 A = Turns spent in this place as a percentage of turns spent in the entire game.
 B = Non-inter-level travel turns spent in this place as a percentage of non-inter-level travel turns spent in the entire game.
 C = Inter-level travel turns spent in this place as a percentage of turns spent in this place.
 D = Turns resting spent in this place as a percentage of non-inter-level travel turns spent in this place.
 E = Turns spent auto-exploring this place as a percentage of non-inter-level travel turns spent in this place.
 F = Non-inter-level travel turns spent in this place divided by the number of levels of this place that you've seen.
                   A       B       C       D       E      F
               +-------+-------+-------+-------+-------+----------------------
         Total | 100.0 | 100.0 |   0.5 |   4.5 |   3.9 | 727.1
       Dungeon |  41.7 |  41.7 |   0.6 |   4.1 |   4.9 | 585.8
        Temple |   0.2 |   0.2 |   2.1 |   0.0 |  31.9 |  47.0
          Lair |  25.6 |  25.6 |   0.5 |   5.3 |   3.2 | 901.3
         Swamp |  13.5 |  13.5 |   0.4 |   5.6 |   3.2 | 711.0
  Orcish Mines |  16.8 |  16.9 |   0.4 |   3.4 |   2.8 | 1776.5
        Vaults |   2.1 |   2.1 |   0.0 |   4.5 |   2.7 | 446.0
               +-------+-------+-------+-------+-------+----------------------

Table legend:
 A = Kills in this place as a percentage of kills in entire the game.
 B = Kills by you in this place as a percentage of kills by you in the entire game.
 C = Kills by friends in this place as a percentage of kills by friends in the entire game.
 D = Other kills in this place as a percentage of other kills in the entire game.
 E = Experience gained in this place as a percentage of experience gained in the entire game.
 F = Experience gained in this place divided by the number of levels of this place that you have seen.
                   A       B       C       D       E      F
               +-------+-------+-------+-------+-------+----------------------
         Total | 100.0 | 100.0 | 100.0 | 100.0 | 100.0 | 9542.0
       Dungeon |  41.3 |  40.7 |  43.0 |  40.7 |  34.2 | 6307.9
          Lair |  21.4 |  18.4 |  30.7 |  18.5 |  19.1 | 8816.2
         Swamp |  15.5 |  20.4 |   2.2 |   0.0 |  31.4 | 21736.8
  Orcish Mines |  19.1 |  17.3 |  22.9 |  37.0 |   9.7 | 13400.0
        Vaults |   2.7 |   3.2 |   1.2 |   3.7 |   5.6 | 15454.0
               +-------+-------+-------+-------+-------+----------------------
